 Dungeon Crawl Stone Soup version 0.20-a0-3-g334f831 (webtiles) character file.

476 severen the Covert (level 7, -5/46 HPs)
             Began as a Formicid Enchanter on Oct 30, 2016.
             Slain by a hornet zombie (6 damage)
             ... on level 5 of the Dungeon on Oct 31, 2016.
             The game lasted 00:20:48 (3113 turns).

severen the Covert (Formicid Enchanter)             Turns: 3113, Time: 00:20:49

Health: -5/46      AC:  9    Str: 12    XL:     7   Next: 32%
Magic:  1/10       EV: 10    Int: 17    God:
Gold:   45         SH:  0    Dex: 11    Spells: 4 memorised, 1 level left

rFire  + . .     SeeInvis +     f - +0 rapier
rCold  . . .     Gourm    .     u - +3 ring mail
rNeg   . . .     Faith    .     (no shield)
rPois  +         Spirit   .     (helmet unavailable)
rElec  .         Reflect  .     r - +0 cloak
rCorr  .         Harm     .     (no gloves)
MR     .....                    (no boots)
Stlth  +++.......               (no amulet)
                                n - ring of poison resistance
                                g - ring of protection from fire

@: very slightly contaminated
A: permanent stasis, dig shafts and tunnels, four strong arms, antennae 3
a: Dig, Shaft Self


You were on level 5 of the Dungeon.
You were hungry.

You visited 1 branch of the dungeon, and saw 5 of its levels.

You collected 45 gold pieces.

Inventory:

Hand Weapons
 a - a +1 dagger
 f - a +0 rapier (weapon)
 h - a +0 short sword of draining
Missiles
 e - 8 tomahawks (quivered)
 j - 50 stones
Armour
 b - a +1 robe
 r - a +0 cloak (worn)
 s - a +0 chain mail
 u - a +3 ring mail (worn)
Jewellery
 g - a ring of protection from fire (left hand)
 n - a ring of poison resistance (right hand)
Wands
 m - a wand of confusion (33/48)
Scrolls
 i - 2 scrolls of fear {unknown}
 k - a scroll of fog {unknown}
 o - 2 scrolls of remove curse {unknown}
 p - a scroll of random uselessness {unknown}
 t - a scroll of identify {unknown}
 v - a scroll of enchant armour {unknown}
Potions
 q - a potion of agility {unknown}
Books
 c - a book of Maledictions

   Spells                             Type                      Level
   a - Corona                         Hexes                        1
   b - Ensorcelled Hibernation        Hexes/Ice                    2
   c - Confuse                        Hexes                        3
   d - Tukima's Dance                 Hexes                        3
   e - Dazzling Spray                 Conjuration/Hexes            3
Comestibles
 d - a bread ration
 l - a meat ration


   Skills:
 + Level 1.0 Short Blades
 - Level 1.7 Dodging
 + Level 8.2 Stealth
 - Level 2.1 Spellcasting
 * Level 5.0 Hexes
 - Level 3.1 Ice Magic


You had one spell level left.
You knew the following spells:

 Your Spells              Type           Power        Failure   Level  Hunger
a - Corona                Hex            ###....      6%          1    #......
b - Ensorcelled Hibernat  Hex/Ice        ###...       14%         2    ###....
c - Confuse               Hex            ###.....     17%         3    ###....
d - Tukima's Dance        Hex            ###.....     17%         3    ###....


Dungeon Overview and Level Annotations

Branches:
Dungeon (5/15)
 Temple: D:4-7

Altars:

Annotations:
D:3 Gorggeron's ghost, amateur HOFi
D:4 exclusion: scorpion
D:5 Karia's ghost, amateur SpEn


Innate Abilities, Weirdness & Mutations

You are under a permanent stasis effect.
You can dig through walls and to a lower floor.
Your four strong arms can wield two-handed weapons with a shield.
You have a pair of large antennae on your head. (SInv)


Message History

You hit the hornet zombie but do no damage.
The hornet zombie is moderately damaged.
The hornet zombie hits you. x2
You hit the hornet zombie.
The hornet zombie is heavily damaged.
The hornet zombie hits you.
You hit the hornet zombie but do no damage.
The hornet zombie is heavily damaged.
The hornet zombie hits you.
You hit the hornet zombie.
The hornet zombie is heavily damaged.
The hornet zombie stops glowing.
The hornet zombie hits you!
* * * LOW HITPOINT WARNING * * *
The hornet zombie completely misses you.
You closely miss the hornet zombie.
The hornet zombie is heavily damaged.
The hornet zombie hits you!
* * * LOW HITPOINT WARNING * * *
The hornet zombie hits you.
You die...

###..#
#.....###........... #
#W. ##..>.## #..#........
. #.
#..#..####.##....####
###.##...##..#...#.#
#..##....##..##.##.###.##
#....Z.............# #.##
.....######.........#
#..## ..#. ##Z......##
#..#. .#. #@.###...#
##...# .. ##.## ##..#
##....# . #.##
##.###.##.## ###
##...###.# #..#.# ###
#.##..# ## #.## ###


You could see a hornet zombie.

Vanquished Creatures
  A sky beast (D:5)
  A scorpion (D:4)
  A howler monkey (D:4)
  A crimson imp (D:4)
  A hound (D:4)
  An orc priest (D:4)
  2 orc wizards (D:4)
  A bullfrog skeleton (D:4)
  2 worker ants (D:4)
  A hound skeleton (D:4)
  2 adders (D:4)
  A gnoll (D:4)
  An adder skeleton (D:4)
  A worm (D:4)
  The ghost of severen the Vexing, a weakling FoEn of Hepliaklqana (D:4)
  6 orcs
  2 giant cockroaches
  7 jackals
  A ball python (D:4)
  A frilled lizard (D:4)
  A jackal skeleton (D:4)
36 creatures vanquished.

Notes
Turn   | Place    | Note
-------+----------+-------------------------------------------
     0 | D:1      | severen the Formicid Enchanter began the quest for the Orb.
     0 | D:1      | Reached XP level 1. HP: 13/13 MP: 3/3
     4 | D:1      | You fall through a shaft!
     9 | D:3      | Noticed Gorggeron's ghost (amateur HOFi)
    13 | D:3      | You fall through a shaft for 2 floors!
    13 | D:5      | Entered Level 5 of the Dungeon
   151 | D:4      | Noticed a quasit
   151 | D:4      | Noticed a quasit
   164 | D:4      | Noticed a crimson imp
   171 | D:4      | Noticed a worker ant
   316 | D:4      | Noticed an orc wizard
   340 | D:4      | Noticed an orc wizard
   354 | D:4      | Killed an orc wizard
   354 | D:4      | Reached skill level 4 in Stealth
   354 | D:4      | Reached XP level 2. HP: 3/19 MP: 5/5
   354 | D:4      | Reached XP level 3. HP: 3/24 MP: 6/6
   370 | D:4      | Learned a level 2 spell: Ensorcelled Hibernation
   630 | D:4      | Noticed severen's ghost (weakling FoEn)
   659 | D:4      | Killed severen's ghost
   713 | D:4      | Noticed a scorpion
   839 | D:4      | Reached skill level 5 in Stealth
   839 | D:4      | Reached skill level 1 in Ice Magic
   839 | D:4      | Reached XP level 4. HP: 9/30 MP: 7/7
  1195 | D:4      | Reached XP level 5. HP: 31/35 MP: 5/8
  1279 | D:4      | Reached skill level 6 in Stealth
  1747 | D:4      | Reached XP level 6. HP: 19/41 MP: 5/9
  1752 | D:4      | Learned a level 3 spell: Confuse
  1756 | D:4      | Learned a level 3 spell: Tukima's Dance
  1974 | D:4      | Reached skill level 7 in Stealth
  2391 | D:4      | Reached XP level 7. HP: 46/46 MP: 10/10
  2631 | D:5      | Reached skill level 8 in Stealth
  2631 | D:5      | Reached skill level 5 in Hexes
  2723 | D:5      | Noticed Karia's ghost (amateur SpEn)
  3113 | D:5      | HP: 1/46 [hornet zombie (8)]
  3113 | D:5      | Slain by a hornet zombie

Vault maps used:
D:1:      evilmike_arrival_rings
D:2:      grunt_ministairs_14, corexii_hall_statues_x, hangedman_decor_growths
D:3:      chequers_temple_overflow_minitemple, uniq_iyjb, uniq_grinder,
          uniq_robin
D:4:      cheibrodos_quashed
D:5:      tgw_trog, first_bread

Skill      XL: |  1  2  3  4  5  6  7 |
---------------+----------------------+-----
Stealth        | 4 5 6 7 8 |  8.2
Hexes          | 4 5 |  5.0
Ice Magic      | 1 2 3 |  3.1
Short Blades   | |  1.0
Dodging        | |  1.7
Spellcasting   | |  2.1

Action                   |  1- 3 |  4- 6 |  7- 9 || total
-------------------------+-------+-------+-------++-------
Melee: Short sword       |    15 |    36 |    21 ||    72
       Rapier            |    17 |    12 |    10 ||    39
       Dagger            |       |    13 |     3 ||    16
Throw: Tomahawk          |       |     5 |       ||     5
 Cast: Corona            |     3 |     3 |     2 ||     8
       Ensorcelled Hiber |     3 |    18 |     5 ||    26
       Confuse           |       |       |     2 ||     2
 Abil: Shaft Self        |     2 |       |       ||     2
       Dig               |     1 |       |       ||     1
 Stab: Sleeping          |     2 |    14 |     2 ||    18
  Eat: Chunk             |     1 |     6 |     2 ||     9
Armor: Robe              |     5 |    23 |     2 ||    30
       Ring mail         |       |       |     7 ||     7
Dodge: Dodged            |    16 |    48 |    23 ||    87
